 Dungeon Crawl Stone Soup version 0.28.0-43-g3370ac3207 (webtiles) character file.

Game seed: 16997479390751424989

383 Ablot the Grasshopper (level 6, -1/51 HPs)
             Began as a Gnoll Warper on Mar 18, 2022.
             Was an Initiate of Okawaru.
             Slain by an ice beast (3 damage)
             ... on level 5 of the Dungeon.
             The game lasted 00:04:48 (4357 turns).

Ablot the Grasshopper (Gnoll Warper)                Turns: 4357, Time: 00:04:48

Health: -1/51      AC:  4    Str: 13    XL:     6   Next: 76%
Magic:  12/14      EV: 17    Int: 12    God:    Okawaru [......]
Gold:   144        SH:  0    Dex: 11    Spells: 13/15 levels left

rFire   . . .      SeeInvis .   a - +0 trident
rCold   . . .      Faith    +   (no shield)
rNeg    . . .      Spirit   .   b - +0 leather armour
rPois   .          Reflect  .   (no helmet)
rElec   .          Harm     .   (no cloak)
rCorr   .          Rampage  .   (no gloves)
Will    +....                   r - +0 pair of boots
Stlth   ++........              f - amulet of faith
HPRegen 0.17/turn               n - ring of willpower
MPRegen 0.14/turn               w - +4 ring of evasion

@: on blink cooldown
A: fangs 1, strong nose, distributed training
a: Renounce Religion


You were on level 5 of the Dungeon.
You worshipped Okawaru.
Okawaru was noncommittal.
You visited 2 branches of the dungeon, and saw 6 of its levels.

You collected 144 gold pieces.

Inventory:

Hand Weapons
 a - a +0 trident (weapon)
Missiles
 d - 5 boomerangs of dispersal
 g - 69 stones
 h - 6 boomerangs (quivered)
 k - 14 sling bullets
 q - 5 poisoned darts
 u - 26 arrows
Armour
 b - a +0 leather armour (worn)
 r - a +0 pair of boots (worn)
Jewellery
 f - an amulet of faith (around neck)
 n - a ring of willpower (left hand)
 w - a +4 ring of evasion (right hand)
 x - a ring of wizardry
Scrolls
 c - a scroll of blinking
 e - 7 scrolls of identify {unknown}
 o - a scroll of brand weapon {unknown}
 p - a scroll of teleportation {unknown}
 t - 2 scrolls of enchant weapon {unknown}
Potions
 i - a potion of resistance {unknown}
 j - 2 potions of degeneration {unknown}
 l - a potion of might {unknown}
 m - 2 potions of mutation {unknown}
 s - 2 potions of attraction {unknown}
 v - a potion of curing {unknown}
 z - a potion of invisibility {unknown}
 A - a potion of lignification {unknown}


   Skills:
 + Level 5.0 Fighting
 + Level 2.1 Short Blades
 + Level 2.1 Long Blades
 + Level 2.1 Axes
 + Level 2.1 Maces & Flails
 + Level 5.0 Polearms
 + Level 2.1 Staves
 + Level 2.1 Slings
 + Level 2.1 Bows
 + Level 2.1 Crossbows
 + Level 3.3 Throwing
 + Level 3.3 Armour
 + Level 5.0 Dodging
 + Level 2.1 Stealth
 + Level 2.1 Shields
 + Level 2.1 Unarmed Combat
 + Level 5.4 Spellcasting
 + Level 1.6 Conjurations
 + Level 1.6 Hexes
 + Level 1.6 Summonings
 + Level 1.6 Necromancy
 + Level 5.7 Translocations
 + Level 1.6 Transmutations
 + Level 1.6 Fire Magic
 + Level 1.6 Ice Magic
 + Level 1.6 Air Magic
 + Level 1.6 Earth Magic
 + Level 1.6 Poison Magic
 + Level 2.3 Invocations
 + Level 2.1 Evocations


You had 13 spell levels left.
You knew the following spells:

 Your Spells              Type           Power      Damage    Failure   Level
a - Blink                 Tloc           34%        N/A       3%          2

Your spell library contained the following spells:

 Spells                   Type           Power      Damage    Failure   Level
 Gell's Gravitas          Tloc           17%        N/A       7%          3
 Lesser Beckoning         Tloc           17%        N/A       7%          3
 Teleport Other           Tloc           17%        N/A       7%          3
 Scorch                   Fire           14%        2d5       19%         2
 Manifold Assault         Tloc           17%        N/A       54%         5
 Flame Wave               Conj/Fire      7%         2d5       77%         4
 Summon Cactus Giant      Summ           Unusable   N/A       N/A         6

Dungeon Overview and Level Annotations

Branches:
Dungeon (5/15)             Temple (1/1) D:4

Altars:
Ashenzari
Dithmenos
Elyvilon
Fedhas
Gozag
Hepliaklqana
Kikubaaqudgha
Makhleb
Nemelex Xobeh
Okawaru
Trog
Vehumet
Yredelemnul
Zin

Annotations:
D:3 1 runed translucent door, exclusion: door, dangdung's ghost, amateur OpTm


Innate Abilities, Weirdness & Mutations

You have very sharp teeth.
Your uncanny sense of smell can sniff out nearby items.
Your experience applies equally to all skills.


Message History

You throw a boomerang. The boomerang hits the ice beast!
The ice beast is moderately wounded.
Unknown command.
Throw: 6 boomerangs
Press: ? - help, Q - select action, (/) - cycle Shift-Dir - straight line, f/p - ice beast
Aim: an ice beast (moderately wounded, 59% to hit)
You throw a boomerang. The boomerang hits the ice beast.
The ice beast is heavily wounded.
Unknown command.
Reach: a) +0 trident
Press: ? - help, Dir - move target, f/p - ice beast
Aim: an ice beast (heavily wounded, about 41% to evade your +0 trident)
You reach to attack!
You hit the ice beast.
The ice beast is heavily wounded.
You hit the ice beast but do no damage.
The ice beast is heavily wounded.
The ice beast hits you but does no damage.
You hit the ice beast.
The ice beast is heavily wounded.
The ice beast hits you. The ice beast freezes you!
You hit the ice beast.
The ice beast is severely wounded.
The ice beast hits you. The ice beast freezes you.
You hit the ice beast.
The ice beast is severely wounded.
The ice beast closely misses you.
You hit the ice beast but do no damage.
The ice beast is severely wounded.
The ice beast hits you. The ice beast freezes you!
You closely miss the ice beast.
The ice beast is severely wounded.
The ice beast hits you.
* * * LOW HITPOINT WARNING * * *
The ice beast freezes you!
* * * LOW HITPOINT WARNING * * *
Unknown command.
Casting: Blink (safe; 3% risk of failure)
Confirm with . or Enter, or press ? or * to list all spells.
You blink.
The ice beast hits you.
You die...

#.#
#.####
#....#
####.#
#.# #.#
#ยง# #Y#
# #@# #
#.# ##..
#.# ....
#.# ....
........#
###.
...#.####
# #


You could see an ice beast.

Vanquished Creatures
  A black bear (D:4)
  A phantom (D:5)
  A scorpion (D:4)
  A crimson imp (D:3)
  3 gnolls
  3 adders
  A white imp (D:5)
  3 dart slugs
  3 orcs (D:4)
  5 ball pythons
  3 bats (D:1)
  4 endoplasms
  4 giant cockroaches
  A goblin (D:3)
  7 hobgoblins
  3 quokkas
  3 frilled lizards (D:2)
  4 kobolds
  7 rats
58 creatures vanquished.

Vanquished Creatures (others)
  A fungus (D:1)
  A plant (D:1)
2 creatures vanquished.

Grand Total: 60 creatures vanquished

Notes
Turn   | Place    | Note
-------+----------+-------------------------------------------
     0 | D:1      | Ablot the Gnoll Warper began the quest for the Orb.
     0 | D:1      | Reached XP level 1. HP: 20/20 MP: 6/6
    49 | D:1      | Found a faded altar of an unknown god.
   106 | D:1      | Reached XP level 2. HP: 22/26 MP: 7/7
   109 | D:1      | Learned a level 2 spell: Blink
   621 | D:2      | Reached XP level 3. HP: 23/31 MP: 9/9
   743 | D:2      | Reached skill level 5 in Spellcasting
  1544 | D:3      | Reached skill level 1 in Invocations
  1886 | D:3      | Found a runed translucent door.
  1892 | D:3      | Noticed dangdung's ghost (amateur OpTm)
  2010 | D:3      | Reached skill level 1 in Short Blades
  2010 | D:3      | Reached skill level 1 in Long Blades
  2010 | D:3      | Reached skill level 1 in Axes
  2010 | D:3      | Reached skill level 1 in Maces & Flails
  2010 | D:3      | Reached skill level 1 in Staves
  2010 | D:3      | Reached skill level 1 in Slings
  2010 | D:3      | Reached skill level 1 in Bows
  2010 | D:3      | Reached skill level 1 in Crossbows
  2010 | D:3      | Reached skill level 1 in Stealth
  2010 | D:3      | Reached skill level 1 in Shields
  2010 | D:3      | Reached skill level 1 in Unarmed Combat
  2010 | D:3      | Reached skill level 1 in Evocations
  2080 | D:3      | Found a bloodstained altar of Trog.
  2469 | D:3      | Reached XP level 4. HP: 38/38 MP: 11/11
  2506 | D:3      | Found a faded altar of an unknown god.
  2510 | D:3      | Found a glowing silver altar of Zin.
  2566 | D:3      | Found a radiant altar of Vehumet.
  2566 | D:3      | Found a burning altar of Makhleb.
  2595 | D:3      | Reached skill level 1 in Conjurations
  2595 | D:3      | Reached skill level 1 in Hexes
  2595 | D:3      | Reached skill level 1 in Summonings
  2595 | D:3      | Reached skill level 1 in Necromancy
  2595 | D:3      | Reached skill level 1 in Transmutations
  2595 | D:3      | Reached skill level 1 in Fire Magic
  2595 | D:3      | Reached skill level 1 in Ice Magic
  2595 | D:3      | Reached skill level 1 in Air Magic
  2595 | D:3      | Reached skill level 1 in Earth Magic
  2595 | D:3      | Reached skill level 1 in Poison Magic
  3037 | D:4      | Found a basalt altar of Yredelemnul.
  3177 | D:4      | Noticed a scorpion
  3187 | D:4      | Killed a scorpion
  3188 | D:4      | Reached XP level 5. HP: 35/43 MP: 12/12
  3321 | D:4      | Noticed a black bear
  3333 | D:4      | Killed a black bear
  3334 | D:4      | Reached XP level 6. HP: 42/50 MP: 13/13
  3475 | D:4      | Found a staircase to the Ecumenical Temple.
  3479 | Temple   | Entered the Ecumenical Temple
  3703 | Temple   | Became a worshipper of Warmaster Okawaru
  3772 | D:5      | Entered Level 5 of the Dungeon
  3813 | D:5      | Reached skill level 5 in Fighting
  3813 | D:5      | Reached skill level 5 in Polearms
  3813 | D:5      | Reached skill level 5 in Dodging
  4339 | D:5      | Noticed an ice beast
  4356 | D:5      | HP: 1/51 [ice beast (13)]
  4357 | D:5      | Slain by an ice beast

Illustrated notes

Levels and vault maps discovered:
D:1:      roderic_dead_forest, layout_rooms,
          shapermc_ecumenical_altar_mp_ritualfount, minmay_misc_feat_x
D:2:      layout_basic
D:3:      layout_loops_ring, grunt_temple_overflow_lords_of_destruction,
          trog_book, nicolae_overflow_ecumenical_swirl,
          ebering_ghost_reflecting_pool
D:4:      layout_basic, mainiacjoe_overflow_alcove_4, temple_statues
D:5:      layout_loops_ring, kennysheep_mini_moat
Temple:   compressed_dpeg_triangle_lava_temple

Skill      XL: |  1  2  3  4  5  6 |
---------------+-------------------+-----
Spellcasting   | 5 |  5.4
Invocations    | 1 2 |  2.3
Short Blades   | 1 2 |  2.1
Long Blades    | 1 2 |  2.1
Axes           | 1 2 |  2.1
Maces & Flails | 1 2 |  2.1
Staves         | 1 2 |  2.1
Slings         | 1 2 |  2.1
Bows           | 1 2 |  2.1
Crossbows      | 1 2 |  2.1
Stealth        | 1 2 |  2.1
Shields        | 1 2 |  2.1
Unarmed Combat | 1 2 |  2.1
Evocations     | 1 2 |  2.1
Conjurations   | 1 |  1.6
Hexes          | 1 |  1.6
Summonings     | 1 |  1.6
Necromancy     | 1 |  1.6
Transmutations | 1 |  1.6
Fire Magic     | 1 |  1.6
Ice Magic      | 1 |  1.6
Air Magic      | 1 |  1.6
Earth Magic    | 1 |  1.6
Poison Magic   | 1 |  1.6
Throwing       | 3 |  3.3
Armour         | 3 |  3.3
Fighting       | 5 |  5.0
Polearms       | 5 |  5.0
Dodging        | 5 |  5.0
Translocations | |  5.7

Action                   |  1- 3 |  4- 6 || total
-------------------------+-------+-------++-------
Melee: Spear             |    66 |       ||    66
       Bite              |     7 |     4 ||    11
       Punch             |     3 |     2 ||     5
       Trident           |    71 |   110 ||   181
Throw: Dart              |       |    10 ||    10
       Boomerang         |       |     4 ||     4
 Cast: Blink             |       |     1 ||     1
 Stab: Sleeping          |     2 |     1 ||     3
Armor: Leather armour    |    27 |    11 ||    38
Dodge: Dodged            |    51 |    66 ||   117
